Match 47131936
Unlisted

Match 47131936
End
Vickers Machine Gun Team
Construct Section Command Post
Selects Canadian Shock Battlegroup
Infantry Section
Infantry Section
Selects Attacking Spirit
Selects Canadian Shock Section
Canadian Shock Section
Construct Platoon Command Post
Selects Incendiary Munitions
Humber Armored Car
6-pounder Anti-tank Gun Team
Canadian Shock Section
Construct Field Infirmary
Selects Pyrotechnics
6-pounder Anti-tank Gun Team
Construct Company Command Post
Unlock M3 Grant Medium Tanks
M3 Grant Medium Tank
M3 Grant Medium Tank
Unlock Towed 17-pounder Anti-tank Guns
Selects Churchill Crocodile Heavy Tank
17-pounder Anti-tank Gun Team
Heileif
b0nna
heybuy
ah
0
0

Comments sign in to comment!

No comments posted yet!